 Dungeon Crawl Stone Soup version 0.28.0-45-g0d030f2227 (webtiles) character file.

Game seed: 92675988776752853

25 Testboyz the Poker (level 3, -1/28 HPs)
             Began as a Merfolk Gladiator on Apr 15, 2022.
             Succumbed to an adder's poison
             ... on level 2 of the Dungeon.
             The game lasted 00:10:33 (905 turns).

Testboyz the Poker (Merfolk Gladiator)               Turns: 905, Time: 00:10:34

Health: -1/28      AC:  4    Str: 16    XL:     3   Next: 4%
Magic:  3/3        EV: 13    Int:  7    God:
Gold:   45         SH:  0    Dex: 15    Spells: 2/2 levels left

rFire   . . .      SeeInvis .   a - +0 trident
rCold   . . .      Faith    .   (no shield)
rNeg    . . .      Spirit   .   b - +0 leather armour
rPois   .          Reflect  .   c - +0 helmet
rElec   .          Harm     .   (no cloak)
rCorr   .          Rampage  .   (no gloves)
Will    .....                   (no boots)
Stlth   +.........              (no amulet)
HPRegen 0.09/turn               (no ring)
MPRegen 0.08/turn               (no ring)

@: lethally poisoned (-1 -> -8)
A: (nimble swimmer 2), mertail
a: no special abilities


You were on level 2 of the Dungeon.
You visited 1 branch of the dungeon, and saw 2 of its levels.

You collected 45 gold pieces.

Inventory:

Hand Weapons
 a - a +0 trident (weapon)
 f - a +0 dagger
 g - a +0 club
 h - a +0 hunting sling
 i - a +0 whip
 l - a +0 club
Missiles
 d - a throwing net (quivered)
 e - 75 stones
Armour
 b - a +0 leather armour (worn)
 c - a +0 helmet (worn)
 k - a +0 ring mail
Magical Staves
 j - a staff of death


   Skills:
 + Level 2.4 Fighting
 + Level 5.1 Polearms
 + Level 2.1 Throwing
 + Level 0.1 Armour
 + Level 4.5 Dodging


You had 2 spell levels left.
You didn't know any spells.
Your spell library contained the following spells:

 Spells                   Type           Power      Damage    Failure   Level
 Fulminant Prism          Conj/Hex       0%         3d6       99%         4
 Iskenderun's Mystic Bla  Conj/Tloc      0%         2d3       99%         4
 Lee's Rapid Deconstruct  Erth           0%         3d5*      100%        5


Dungeon Overview and Level Annotations

Branches:
Dungeon (2/15)

Altars:


Innate Abilities, Weirdness & Mutations

((You are very nimble when in or above water. (Stealth+, EV+, Speed+++)))
Your lower body shifts to a powerful aquatic tail in water.


Message History

The adder is moderately wounded.
You feel sick. The adder barely misses you. The hobgoblin misses you.
You feel sick. The adder bites you.
You feel sick.
You are no longer poisoned.
You hit the adder but do no damage.
The adder is moderately wounded.
The adder bites you.
You closely miss the adder.
The adder is moderately wounded.
The adder misses you.
You barely miss the adder.
The adder bites you but does no damage. x2
The adder misses you. The adder barely misses you.
You barely miss the adder. The adder closely misses you. The adder bites you.
The hobgoblin hits you.
* * * LOW HITPOINT WARNING * * *
The adder bites you.
* * * LOW HITPOINT WARNING * * *
You are lethally poisoned!
The adder poisons you!
Okay, then.
Unknown command.
Unknown command.
Throw: 3 throwing nets
Press: ? - help, Q - select action, (/) - cycle Shift-Dir - straight line, f - adder
Aim: an adder (42% to hit)
You throw a throwing net. The throwing net hits the adder.
The adder is caught in the net!
* * * LOW HITPOINT WARNING * * *
You feel sick.
The adder struggles against the net.
The adder closely misses you.
Throw: 2 throwing nets
Press: ? - help, Q - select action, (/) - cycle Shift-Dir - straight line, p - adder You throw a throwing net.
The adder struggles against the net.
The adder bites you.
* * * LOW HITPOINT WARNING * * *
You are more poisoned.
The adder poisons you!
You die...

########## #.##.#..#
#........# #.##.#..#
#........###.##.#..#
#............†.<#..#
#............##.#..########
#............##.#..........
########.....##.#.#†.....#.
#####.....##.#.#......#
#.(.....@.Sg...#......#
#.....####S#.###......#
#.....# #.#...+........
#.....# #.#####......##
#.....# #.. ...."...
#.....# ### #.....# #.....#
#.....#


You could see 2 adders and a hobgoblin.

Vanquished Creatures
  2 dart slugs (D:2)
  3 ball pythons (D:1)
  3 bats
  An endoplasm (D:1)
  A giant cockroach (D:1)
  3 hobgoblins (D:1)
  3 goblins
  A kobold (D:1)
  3 rats
20 creatures vanquished.

Notes
Turn   | Place    | Note
-------+----------+-------------------------------------------
     0 | D:1      | Testboyz the Merfolk Gladiator began the quest for the Orb.
     0 | D:1      | Reached XP level 1. HP: 16/16 MP: 1/1
    45 | D:1      | Found a faded altar of an unknown god.
    49 | D:1      | Noticed a shining eye
    69 | D:1      | Noticed a floating eye
    70 | D:1      | Noticed a golden eye
    70 | D:1      | Noticed a shining eye
   136 | D:1      | Reached XP level 2. HP: 22/22 MP: 2/2
   846 | D:2      | Reached skill level 5 in Polearms
   889 | D:2      | Reached XP level 3. HP: 28/28 MP: 3/3
   904 | D:2      | HP: 1/28 [adder (2)]
   905 | D:2      | Succumbed to an adder's poison

Illustrated notes

Levels and vault maps discovered:
D:1:      dpeg_arrival_rooms_b, layout_basic,
          hellmonk_ecumenical_altar_watching_god, chequers_jeans,
          minmay_misc_feat_ornament
D:2:      layout_basic

Skill      XL: |  1  2 |
---------------+-------+-----
Polearms       | 5 |  5.1
Fighting       | |  2.4
Throwing       | |  2.1
Armour         | |  0.1
Dodging        | |  4.5

Action                   || total
-------------------------++-------
Melee: Trident           ||    49
       Punch             ||     3
Throw: Throwing net      ||     2
  Use: Scroll            ||     1
Armor: Leather armour    ||    16
Dodge: Dodged            ||    34
